 Dungeon Crawl Stone Soup version 0.25-a0-44-g29a1220a87 (webtiles) character file.

Game seed: 8002564149599750595, levelgen mode: deterministic

51 Alarkh the Slasher (level 3, -1/29 HPs)
             Began as a Demonspawn Fighter on Oct 23, 2019.
             Slain by a scorpion (5 damage)
             ... on level 2 of the Dungeon.
             The game lasted 00:01:05 (1134 turns).

Alarkh the Slasher (Demonspawn Fighter)             Turns: 1134, Time: 00:01:05

Health: -1/29      AC:  6    Str: 16    XL:     3   Next: 57%
Magic:  3/3        EV:  6    Int: 10    God:
Gold:   51         SH:  8    Dex: 12    Spells: 2/2 levels left

rFire    . . .     SeeInvis .   a - +0 long sword
rCold    . . .     Gourm    .   c - +0 shield
rNeg     . . .     Faith    .   b - +0 scale mail
rPois    .         Spirit   .   (no helmet)
rElec    .         Reflect  .   (no cloak)
rCorr    .         Harm     .   (no gloves)
MR       .....                  (no boots)
Stlth    ..........             j - amulet of rage
HPRegen  0.09/turn              (no ring)
MPRegen  0.08/turn              (no ring)

@: no status effects
A: powered by pain 1
a: Evoke Berserk Rage


You were on level 2 of the Dungeon.
You were not hungry.

You visited 1 branch of the dungeon, and saw 2 of its levels.

You collected 51 gold pieces.

Inventory:

Hand Weapons
 a - a +0 long sword (weapon)
Armour
 b - a +0 scale mail (worn)
 c - a +0 shield (worn)
Jewellery
 i - an uncursed amulet of magic regeneration
 j - an amulet of rage (around neck)
Scrolls
 e - a scroll of teleportation {unknown}
 k - a scroll of amnesia {unknown}
 r - 3 scrolls of identify
Potions
 d - a potion of might
 h - a potion of ambrosia
Comestibles
 f - 5 rations
 g - 3 chunks of flesh


   Skills:
 - Level 3.0 Fighting
 + Level 3.6 Long Blades
 - Level 2.6 Armour
 - Level 2.6 Shields


You had 2 spell levels left.
You didn't know any spells.
Your spell library was empty.

Dungeon Overview and Level Annotations

Branches:
Dungeon (2/15)

Altars:


Innate Abilities, Weirdness & Mutations

You sometimes gain a little power by taking damage.


Message History

A scorpion is nearby!
A scorpion is nearby!
Okay, then.
You closely miss the scorpion. The scorpion stings you.
You hit the scorpion.
The scorpion is moderately wounded.
The scorpion stings you.
You are too injured to fight recklessly!
You are too injured to fight recklessly!
You are too injured to fight recklessly!
You are too injured to fight recklessly!
You hit the scorpion.
The scorpion is heavily wounded.
The scorpion stings you.
You hit the scorpion.
The scorpion is heavily wounded.
The scorpion stings you!
* * * LOW HITPOINT WARNING * * *
The scorpion stings you.
You die...

###...#######..#...#
##### #...#
#........#.# ....#
##.## #÷###....#.#
....# #÷# #(##....## #
##..# #.# #.##..#.#
.#..####.####.##..#.##.
.........##.)..........
##..#######.......###.
....# #.......@.# #.
...## #.##.##..s# ####
#.#.. #..... # #.#
#....!.. .. ........#
##. ####.....# .....#
......


You could see a scorpion.

Vanquished Creatures
  An adder (D:2)
  A dart slug (D:1)
  A leopard gecko (D:2)
  6 bats
  3 giant cockroaches
  3 goblins
  5 hobgoblins
  2 jackals (D:1)
  A quokka (D:2)
  2 ball pythons (D:1)
  5 kobolds
  5 rats
35 creatures vanquished.

Notes
Turn   | Place    | Note
-------+----------+-------------------------------------------
     0 | D:1      | Alarkh the Demonspawn Fighter began the quest for the Orb.
     0 | D:1      | Reached XP level 1. HP: 18/18 MP: 1/1
   123 | D:1      | Gained mutation: You sometimes gain a little power by
                  | taking damage. [demonic ancestry]
   123 | D:1      | Reached XP level 2. HP: 23/24 MP: 2/2
   901 | D:2      | Reached XP level 3. HP: 29/29 MP: 3/3
  1127 | D:2      | Noticed a scorpion
  1134 | D:2      | Slain by a scorpion

Levels and vault maps discovered:
D:1:      dpeg_arrival_leaves_temple_mockup, layout_basic
D:2:      layout_loops_cross, first_ration

Skill      XL: |  1  2 |
---------------+-------+-----
Long Blades    | 2 3 |  3.6
Fighting       | |  3.0
Armour         | |  2.6
Shields        | |  2.6

Action                   || total
-------------------------++-------
Melee: Long sword        ||    93
  Use: Scroll            ||     1
  Eat: Chunk             ||     1
Armor: Scale mail        ||    60
Dodge: Dodged            ||    32
Block: Shield            ||    49
       Rpst.: Long sword ||    12

Table legend:
 A = Non-vault XP
 B = Vault XP
 C = Vault XP percentage of total XP
 D = Non-vault monster count
 E = Vault monster count
 F = Vault count percentage of total count
                 A         B        C        D         E       F
            +---------+---------+-------+---------+---------+-------
      Total |      73 |       0 |   0.0 |      35 |       0 |   0.0
            +---------+---------+-------+---------+---------+-------
        D:1 |      38 |       0 |   0.0 |      22 |       0 |   0.0
        D:2 |      35 |       0 |   0.0 |      13 |       0 |   0.0
            +---------+---------+-------+---------+---------+-------
